[Event "13th KIIT Festival-A 2022"]
[Site "Bhubaneswar"]
[Date "2022.05.29"]
[Round "10.10"]
[White "Rahman, Ziaur"]
[Black "Kiran, Manisha Mohanty"]
[Result "1-0"]
[ECO "D00"]
[WhiteElo "2431"]
[BlackElo "2098"]
[Annotator "TA"]
[PlyCount "73"]
[EventDate "2022.05.15"]
[EventType "swiss"]
[EventCountry "IND"]
[SourceTitle "playchess.com"]
[Source "ChessBase"]
[SourceQuality "1"]
[TimeControl "5400+30"]

1. d4 Nf6 2. Bf4 g6 3. Nc3 d5 4. e3 Bg7 5. Nb5 Na6 6. h3 c6 7. Nc3 Nb8 8. Nf3 O-O 9. Be2 h6 {[%emt 0:07:01] D00: 1 d4 d5: Unusual lines.} 10. O-O Nbd7 11. a4 {[%emt 0:01:26] [#]} Ne4 $146 {[%emt 0:07:53] White is slightly better.} ({Predecessor:} 11... a5 12. Bd3 Re8 13. Bh2 Nh5 14. e4 e5 15. dxe5 dxe4 16. Bxe4 Nxe5 17. Qxd8 Nxf3+ 18. Bxf3 Rxd8 19. Rad1 Rxd1 20. Rxd1 {½-½ (40) Novikov,K (1696)-Hammerschmidt,V (1907) LSS email 2013}) 12. a5 a6 (12... f5 $14) 13. Nxe4 $16 dxe4 14. Nd2 f5 {[%emt 0:00:32] [#]} 15. Nc4 $1 (15. Bc4+ Kh7 $14) 15... e6 16. c3 Kh8 17. Bd6 Rg8 18. f3 {[%emt 0:02:02] White is more active.} exf3 19. Bxf3 Qg5 (19... b5 $16 {was called for.}) 20. Qe1 $18 Bf8 21. e4 Bxd6 22. Nxd6 {[%emt 0:00:05] Nf7+ is the strong threat.} Qe7 {[%emt 0:00:07] Prevents Nf7+.} 23. e5 Nf8 24. c4 Rb8 (24... Nh7 $142 25. Be2 Ng5) 25. Ra3 Bd7 26. Rb3 Be8 27. Qe3 g5 28. d5 cxd5 (28... Nd7 $142 29. Re1 (29. dxc6 bxc6 30. Rxb8 Nxb8 $18) (29. Nxb7 exd5 30. cxd5 Nxe5 $16) 29... Bg6 30. Rxb7 (30. dxc6 bxc6 31. Rxb8 Nxb8 $16) 30... cxd5 31. cxd5 f4) 29. cxd5 Bd7 30. Rb6 Ng6 31. Rc1 Rgf8 32. Rc7 exd5 (32... Nf4 $142 33. dxe6 Nxe6) 33. e6 Qxe6 34. Qc3+ Kg8 35. Nxb7 Qf7 {[%emt 0:02:50] [#]} 36. Rxg6+ $1 {[%emt 0:01:11][%mdl 576] Deflection} Qxg6 37. Bxd5+ {[%emt 0:00:17] Black did not feel at home in the position after the opening.  Weighted Error Value: White=0.19 (very precise) /Black=0.56} 1-0

[Event "13th KIIT Festival-A 2022"]
[Site "Bhubaneswar"]
[Date "2022.05.29"]
[Round "10.10"]
[White "Karthikeyan, P.."]
[Black "Shiva Pavan Teja Sharma U"]
[Result "1-0"]
[ECO "D27"]
[WhiteElo "2361"]
[BlackElo "2064"]
[Annotator "TA"]
[PlyCount "68"]
[EventDate "2022.05.15"]
[EventType "swiss"]
[EventCountry "IND"]
[SourceTitle "playchess.com"]
[Source "ChessBase"]
[SourceQuality "1"]
[TimeControl "5400+30"]

1. d4 Nf6 2. c4 e6 3. Nf3 d5 4. Nc3 c5 5. e3 dxc4 6. Bxc4 a6 7. a4 b6 8. O-O Bb7 9. Qe2 Nc6 10. Rd1 Qc7 11. d5 {[%emt 0:03:22] D27: Queen's Gambit Accepted: Classical main line: 7 e4!? and 7 a4.} exd5 12. Bxd5 {[%emt 1:28:40] And now e4 would win.} Be7 13. e4 $1 {[%emt 0:06:25][%cal Be3e4,Be4e5][%mdl 32] [#] White is slightly better.} Nd8 $146 ({Black should play} 13... Rd8 $14) ({Predecessor:} 13... O-O 14. e5 Nd4 15. Rxd4 cxd4 16. exf6 Bxf6 17. Bxb7 Qxb7 18. Ne4 Qc6 19. Nxf6+ Qxf6 {1-0 (39) Atalik,S (2570)-Krush,I (2465) Kansas 2003}) 14. Bxb7 $18 Qxb7 {[%emt 0:49:47] [#]} 15. e5 $1 Nd7 16. Bg5 {[%emt 0:03:04] Hoping for Bxe7.} Nf8 17. Bxe7 Qxe7 18. Rd6 Nfe6 19. Nd5 ({Don't play} 19. Rxb6 $6 O-O 20. Rd1 (20. Rxa6 Nf4 $18) 20... Nf4 $18) 19... Qb7 20. Nxb6 Rb8 21. a5 O-O 22. Nd7 Nf4 (22... Nc6 {might work better.} 23. b3 Rfe8 24. Nxb8 Rxb8) 23. Qd2 Nde6 24. Nxb8 ({But not} 24. Nxf8 Rxf8 25. Re1 Qa8 $18) 24... Qxb8 25. Ra4 Ng6 26. Rb6 {[%emt 0:03:01] Prevents Qb5.} Qa8 27. Rc4 Rd8 28. Rd6 Rb8 29. b4 cxb4 30. Rxb4 Rc8 31. h4 h6 32. h5 Ne7 33. Rd7 Nc6 34. Rc4 Nxa5 {[%emt 0:05:49] White took control after the opening.  Weighted Error Value: White=0.15 (very precise) /Black=0.50} 1-0

[Event "13th KIIT Festival-A 2022"]
[Site "Bhubaneswar"]
[Date "2022.05.29"]
[Round "10.11"]
[White "Sidhant, Mohapatra"]
[Black "Ram Aravind L N"]
[Result "1/2-1/2"]
[ECO "B42"]
[WhiteElo "2327"]
[BlackElo "2116"]
[Annotator "TA"]
[PlyCount "60"]
[EventDate "2022.05.15"]
[EventType "swiss"]
[EventCountry "IND"]
[SourceTitle "playchess.com"]
[Source "ChessBase"]
[SourceQuality "1"]
[TimeControl "5400+30"]

1. e4 c5 2. Nf3 e6 3. d4 cxd4 4. Nxd4 a6 5. Bd3 Bc5 6. Nb3 Be7 7. Qg4 g6 8. Qe2 d6 {[%emt 0:00:04] B42: Sicilian: Kan Variation: 5 Bd3.} 9. Be3 Qc7 10. N1d2 Nd7 {[%emt 0:01:21] White is slightly better.} 11. a4 b6 {[%emt 0:00:52][%cal Bb7b6,Bb6b5,Bb5b4][%mdl 32] [#]} 12. a5 $146 {[%emt 0:00:07] White is more active.} ({Predecessor:} 12. Nc4 Ngf6 13. a5 bxa5 14. Bh6 Bf8 15. Bxf8 Kxf8 16. O-O Kg7 17. Rxa5 d5 18. exd5 Nxd5 {½-½ (49) Saric,I (2466)-Palac,M (2567) Zadar 2007}) 12... b5 13. c4 b4 14. O-O Nc5 15. Nxc5 dxc5 16. f4 $36 {[%emt 0:00:06][%mdl 2048] White is pushing.} Bb7 17. Bc2 O-O-O 18. Nb3 Nf6 (18... f5 $11) 19. Bf2 (19. e5 $14 Nd7 20. Rae1) 19... Qxf4 (19... Nh5 $11 {keeps the balance.}) 20. Bxc5 Bxc5+ 21. Nxc5 Qe5 22. Nxb7 Kxb7 23. Qf2 Ng4 (23... Nd7 $14) 24. Qb6+ $16 Ka8 {[%emt 0:01:32][%csl Gg4][%cal Re5h2] [#]} 25. Qxa6+ Kb8 26. Qb5+ (26. Rxf7 Qxh2+ 27. Kf1 Qh1+ 28. Ke2 Qxg2+ 29. Ke1 Qd2+ 30. Kf1 Ne3+ 31. Kg1 Qg2#) 26... Ka8 27. Qa6+ (27. Rxf7 Qxh2+ 28. Kf1 Qh1+ 29. Ke2 Qxg2+ 30. Ke1 Qd2+ 31. Kf1 Ne3+ 32. Kg1 Qg2#) 27... Kb8 28. Qb6+ (28. Rxf7 Qxh2+ 29. Kf1 Qh1+ 30. Ke2 Qxg2+ 31. Ke1 Qd2+ 32. Kf1 Ne3+ 33. Kg1 Qg2#) 28... Ka8 {[%emt 0:00:11][%csl Gg4][%cal Re5h2] [#]} 29. Qc6+ {[%emt 0:00:46] Dancing on a razor blade.} ({Not} 29. Rxf7 $2 Qxh2+ 30. Kf1 Qh1+ 31. Qg1 Ne3+ 32. Ke2 Qxg1 33. Rxg1 Nxc2 $19) (29. g3 $1 $16 Qh5 30. h4 (30. Rxf7 $2 Qxh2+ 31. Kf1 Qh3+ 32. Ke1 Qxg3+ 33. Kf1 Qh3+ 34. Kg1 Qh2+ 35. Kf1 Qh1+ 36. Qg1 Ne3+ 37. Ke2 Qxg1 $19)) 29... Kb8 $11 30. Qb6+ (30. Rxf7 {is a self mate.} Qxh2+ 31. Kf1 Qh1+ 32. Ke2 Qxg2+ 33. Ke1 Qd2+ 34. Kf1 Ne3+ 35. Kg1 Qg2#) ({White should try} 30. g3 $11 Qd4+ 31. Kh1) 30... Ka8 {[%emt 0:00:09] Weighted Error Value: White=0.24 (precise) /Black=0.24 (precise)} 1/2-1/2

[Event "13th KIIT Festival-A 2022"]
[Site "Bhubaneswar"]
[Date "2022.05.29"]
[Round "10.12"]
[White "Aaryan Varshney"]
[Black "Krishnan Ritvik"]
[Result "1-0"]
[ECO "D41"]
[WhiteElo "2308"]
[BlackElo "2023"]
[Annotator "TA"]
[PlyCount "49"]
[EventDate "2022.05.15"]
[EventType "swiss"]
[EventCountry "IND"]
[SourceTitle "playchess.com"]
[Source "ChessBase"]
[SourceQuality "1"]
[TimeControl "5400+30"]

1. d4 Nf6 2. c4 e6 3. Nf3 d5 4. Nc3 c5 5. cxd5 Nxd5 6. e4 Nxc3 7. bxc3 cxd4 8. cxd4 Bb4+ 9. Bd2 Bxd2+ 10. Qxd2 O-O 11. Rc1 b6 12. Bd3 Bb7 13. O-O Nd7 14. Qe3 Nf6 15. Qf4 Rc8 {[%emt 0:15:11] D41: Queen's Gambit Declined: Semi-Tarrasch with 5 cxd5.} 16. Rxc8 Qxc8 17. Rc1 {[%emt 0:00:14] Prevents Qc3.} Qa8 {[%emt 0:06:08][%cal Rb7e4] [#] The position is equal.} 18. d5 $146 ({Predecessor:} 18. Re1 h6 19. g4 Nh7 20. g5 Qd8 21. gxh6 g5 22. Qe5 g4 23. Qg7# {1-0 (23) Schmidt,V (1843)-De Kluijver,A (1515) Gemuend 1999}) 18... exd5 19. e5 Ne4 20. Rc7 {[%emt 0:00:43][%cal Oe5e6] aiming for e6!} Qb8 $2 {[%emt 0:07:20][%mdl 8192] [#]} (20... Bc8 $14) 21. e6 $1 $18 {[%emt 0:00:57] White is clearly winning.} f6 22. Bxe4 dxe4 23. Nd4 {[%emt 0:00:26][%cal Oc7g7] White wants to mate with Rxg7+!} Rc8 {[%emt 0:10:00] [#]} 24. e7 $1 Kf7 {[%emt 0:01:04] [#]} 25. Nb5 $1 {[%emt 0:04:03] White took control after the opening.  Weighted Error Value: White=0.01 (flawless) /Black=0.74} 1-0

[Event "13th KIIT Festival-A 2022"]
[Site "Bhubaneswar"]
[Date "2022.05.29"]
[Round "10.13"]
[White "Daksh Goyal"]
[Black "Nayak Sajan Kumar"]
[Result "1/2-1/2"]
[ECO "A28"]
[WhiteElo "1795"]
[BlackElo "1681"]
[Annotator "NA RC COMBH"]
[PlyCount "163"]
[EventDate "2022.05.15"]
[EventType "swiss"]
[EventCountry "IND"]
[SourceTitle "playchess.com"]
[Source "ChessBase"]
[SourceQuality "1"]
[TimeControl "5400+30"]

1. c4 e5 2. Nc3 Nc6 3. Nf3 Nf6 4. e3 Bb4 5. Qc2 Bxc3 6. Qxc3 Qe7 7. b3 d5 8. d4 exd4 9. Nxd4 Nxd4 10. Qxd4 c5 11. Qf4 g5 12. Qxg5 Rg8 13. Qf4 Rg4 14. Qf3 Qe5 15. Rb1 Bf5 16. Bb2 d4 17. Rd1 O-O-O 18. Bd3 Bd7 19. g3 Rgg8 20. Qf4 Qxf4 21. exf4 Bg4 22. Rc1 Rge8+ 23. Kd2 Ne4+ 24. Bxe4 Rxe4 25. Rhe1 Rde8 26. Rxe4 Rxe4 27. Re1 Rxe1 28. Kxe1 a5 29. Kd2 Kd7 30. a3 b6 31. Bc1 Ke6 32. Kc2 Kf5 33. Kd3 Bf3 34. b4 a4 35. bxc5 bxc5 36. Bd2 Bg2 37. Ke2 Ke4 38. Ba5 d3+ 39. Kd2 Kd4 40. g4 Kxc4 41. h4 Bf3 42. g5 Be4 43. Bb6 Bf5 44. Ba7 Kd5 45. Kc3 Bg6 46. h5 Bf5 47. Bb6 Kc6 48. Bd8 Kd6 49. h6 Kd5 50. Bb6 Bg6 51. Ba7 Bf5 52. Bb6 Kd6 53. Ba7 Kc6 54. Bb8 Kb6 55. Bd6 Kb5 56. Be7 Kc6 57. Bd8 Bg6 58. Ba5 Be4 59. Bd8 Bf5 60. Ba5 Kd5 61. Bb6 c4 62. Be3 Be6 63. Kd2 Ke4 64. Kc3 Kf5 65. Bd2 Ke4 66. Be3 Kf3 67. Kb4 Ke2 68. Kc3 Kd1 69. Bd2 Bh3 70. Be3 Bf5 71. Kb2 Ke2 72. Kc3 Be6 73. Bc1 Kxf2 74. f5 Bxf5 75. Kxc4 Ke1 76. Kc3 Ke2 77. Bf4 Kf3 78. Bc1 Ke4 79. Kd2 Kd4 80. Bb2+ Kc4 81. Bf6 Bg6 82. Be7 1/2-1/2

[Event "13th KIIT Festival-A 2022"]
[Site "Bhubaneswar"]
[Date "2022.05.29"]
[Round "10.14"]
[White "Alekhya Mukhopadhyay"]
[Black "Liyanage, Pesandu Rashmitha"]
[Result "1-0"]
[ECO "B99"]
[WhiteElo "2162"]
[BlackElo "1730"]
[Annotator "TA"]
[PlyCount "59"]
[EventDate "2022.05.15"]
[EventType "swiss"]
[EventCountry "IND"]
[SourceTitle "playchess.com"]
[Source "ChessBase"]
[SourceQuality "1"]
[TimeControl "5400+30"]

1. e4 c5 2. Nf3 d6 3. d4 cxd4 4. Nxd4 Nf6 5. Nc3 a6 6. Bg5 e6 7. f4 Be7 8. Qf3 Nbd7 9. O-O-O Qc7 10. Bd3 h6 11. Bh4 g5 12. fxg5 Ne5 13. Qe2 Nfg4 14. Nf3 hxg5 15. Bg3 {[%emt 0:05:36] B99: Sicilian Najdorf: 6 Bg5 e6 7 f4 Be7 8 Qf3 Qc7 9 0-0-0 Nbd7.} b5 16. Rdf1 ({White should try} 16. h3 $14 Nxd3+ 17. cxd3 (17. Qxd3 Ne5 $15)) 16... b4 {[%emt 0:08:49] [#]} (16... Nxd3+ $142 17. Qxd3 Bb7) 17. Nd1 $146 (17. Nxe5 $11 {remains equal.} Nxe5 18. Bxe5 dxe5 19. Nd1) ({Predecessor:} 17. Nxe5 Nxe5 18. Bxe5 dxe5 19. Nd1 Bb7 20. Ne3 f6 21. Ng4 Rf8 22. Rf2 a5 23. Bb5+ {1-0 (23) Jabot,D (1700)-Mamedov,N (1868) FICGS email 2010}) 17... a5 ({Black should play} 17... Nxd3+ $17 18. Qxd3 a5) 18. Bb5+ Bd7 $1 19. h3 Nh6 (19... Nf6 $1 $11) 20. Nxe5 dxe5 21. Bxd7+ Kxd7 22. Qb5+ Qc6 23. Qxe5 {[%emt 0:01:43] [#] Qd4+ is the strong threat.} Rhc8 (23... Rh7 $16 {was necessary.}) 24. Qd4+ {[%emt 0:16:14] Dancing on a razor blade.} (24. Ne3 $18 {And now Rd1+ would win.} Qc5 {[#]} 25. Kb1 $1 (25. Rd1+ Kc6 $16)) 24... Ke8 $1 $14 25. Rf2 $36 {[%emt 0:01:15][%mdl 2048] White is more active.} b3 $2 (25... f6 $11) 26. Nc3 (26. Qh8+ $18 Bf8 27. axb3) 26... a4 $2 (26... bxa2 $14 27. Nxa2 f6) 27. Qh8+ $18 Bf8 28. a3 bxc2 $2 (28... Qc5) 29. Be5 Ke7 30. Rd2 {[%emt 0:01:52] Weighted Error Value: White=0.36/Black=1.06} 1-0

[Event "13th KIIT Festival-A 2022"]
[Site "Bhubaneswar"]
[Date "2022.05.29"]
[Round "10.15"]
[White "Abdyjapar, Asyl"]
[Black "Sahib Singh"]
[Result "1/2-1/2"]
[ECO "A13"]
[WhiteElo "2346"]
[BlackElo "1991"]
[Annotator "TA"]
[PlyCount "78"]
[EventDate "2022.05.15"]
[EventType "swiss"]
[EventCountry "IND"]
[SourceTitle "playchess.com"]
[Source "ChessBase"]
[SourceQuality "1"]
[TimeControl "5400+30"]

1. c4 e6 2. g3 d5 3. Bg2 Nf6 4. Nf3 dxc4 5. O-O Nc6 6. Qc2 {A13: English Opening: 1...e6.} Bd7 7. Qxc4 Bd6 8. d4 {White is slightly better.} O-O 9. Nc3 Rb8 10. Qd3 {[#]} e5 $146 ({Predecessor:} 10... a6 11. a3 h6 12. b4 Qe7 13. Bb2 Rfe8 14. Nd2 e5 15. d5 Nd4 16. Rfc1 Bf5 {½-½ (46) Lindop,A (2112)-Glanville,C (2051) ICCF email 2015}) 11. d5 Nb4 12. Qd1 c6 13. e4 cxd5 14. exd5 a5 15. a3 Na6 16. h3 (16. Re1 $14) 16... Qc8 17. Ng5 Nc5 18. b4 axb4 19. axb4 Na6 20. Nce4 Nxe4 21. Bxe4 h6 22. Nh7 Bxh3 {[%emt 0:00:30] [#] aiming for ...Re8.} 23. Nxf8 Bxf1 24. Ne6 $1 ({Of course not} 24. Qxf1 Qxf8 25. Qh3 Bxb4 $17) (24. Kxf1 Bxf8 25. Bb2 Bd6 $15) 24... Bh3 {[%emt 0:00:30] Against Qg4} (24... Nxb4 $2 25. Nxg7 Kxg7 26. Qh5 $18) ({Don't play} 24... Bxb4 25. Qg4 fxe6 26. Bxh6 $16) 25. Nxg7 {[%emt 0:00:30] And now Nh5 would win.} Qg4 (25... Kxg7 $2 26. Qh5 Qh8 27. Qxh3 Bxb4 28. Rb1 $18) 26. Qxg4 Bxg4 27. Nf5 Bxf5 28. Bxf5 Kg7 29. b5 Nc7 30. Ra4 h5 31. Rh4 Rh8 32. Rc4 Nxb5 33. Bc8 b6 34. Bb2 {[%emt 0:00:30] Inhibits Nd4.} Bc5 35. Bd7 ({But not} 35. Bxe5+ f6 36. Ba6 Na3 37. Rxc5 bxc5 $17) 35... Nd4 36. Ra4 h4 {[%emt 0:00:30] ...hxg3 is the strong threat.} 37. Kg2 hxg3 38. fxg3 Rh6 39. Ra7 Kf8 {[%emt 0:00:30] Weighted Error Value: White=0.11 (very precise) /Black=0.07 (flawless)} 1/2-1/2

[Event "13th KIIT Festival-A 2022"]
[Site "Bhubaneswar"]
[Date "2022.05.29"]
[Round "10.16"]
[White "Saravana, Krishnan P."]
[Black "Soni, Krishan"]
[Result "1-0"]
[ECO "C41"]
[WhiteElo "2269"]
[BlackElo "1904"]
[Annotator "TA"]
[PlyCount "79"]
[EventDate "2022.05.15"]
[EventType "swiss"]
[EventCountry "IND"]
[SourceTitle "playchess.com"]
[Source "ChessBase"]
[SourceQuality "1"]
[TimeControl "5400+30"]

1. e4 d6 2. d4 Nf6 3. Nc3 Nbd7 4. Nf3 e5 5. Bc4 Be7 6. O-O c6 7. a4 Qc7 {[%emt 0:02:10] 7...h6 is becoming the main line.} 8. Re1 h6 {[%emt 0:00:43] C41: Philidor Defence.} 9. a5 Nf8 10. Nh4 g5 {[%emt 0:18:58] [#]} ({Black should play} 10... Ne6 $14) 11. Nf5 $146 ({Predecessor:} 11. dxe5 dxe5 12. Nf5 Ng6 13. Qf3 Bxf5 14. exf5 Nh4 15. Qe2 Nxf5 16. Qxe5 Qxe5 17. Rxe5 {1-0 (31) Garbisu de Goni,U (2380)-Gomez Guerrero,M (2205) Torrevieja 1997}) 11... Ng6 12. Ng7+ Kf8 13. Nf5 $36 {[%emt 0:00:06][%mdl 2048] White is on the roll. White is much more active. The black rooks are badly placed.} Be6 14. dxe5 $1 Nxe5 15. Bxe6 fxe6 16. Nd4 (16. Nxe7 $16 {[%cal Of2f4] Threatens to win with f4!} Qxe7 17. f4 gxf4 18. Bxf4) 16... Qd7 $14 17. f4 Nf7 (17... gxf4 $14 18. Bxf4 Kg7) 18. e5 $1 $16 dxe5 19. fxe5 Nd5 20. Nb3 Rd8 {[%emt 0:10:53] [#]} 21. Ne4 $1 Rh7 22. Kh1 (22. Qe2 $142) 22... Nf6 23. Qf3 Nxe4 24. Qxe4 Kg8 25. Be3 a6 (25... Qd5 $16 {was necessary.} 26. Bxa7 Qxe4 27. Rxe4 Rd5) 26. Bb6 $18 Re8 27. Rad1 {[%emt 0:01:27] Prevents Qd5.} Qc8 28. Bc5 Nh8 29. Bd6 Bd8 30. Rf1 Rg7 31. Rd3 Bc7 $2 (31... g4 32. Qb4 Nf7) 32. Nc5 Bxa5 (32... b6 $142 33. axb6 Bxb6) 33. Rdf3 {[%emt 0:00:09][%cal Oc5e6] Nxe6! is the strong threat.} Ng6 34. Rf6 Nf4 35. g3 b6 36. gxf4 bxc5 37. fxg5 hxg5 {[%emt 0:03:35] [#]} 38. Rg6 (38. Rf7 $142 $3 Re7 39. Rxe7 Rxe7 40. Bxe7 Qe8 41. Bxg5 Qh5 42. Bf6 Bd2 43. Rg1+ Kf8 44. Qd3) 38... Bd2 39. Rxg7+ Kxg7 {[%emt 0:01:00] [#]} 40. Rf7+ $3 {[%emt 0:00:16][%mdl 576] Decoy.  Weighted Error Value: White=0.07 (flawless) /Black=0.79} 1-0

[Event "13th KIIT Festival-A 2022"]
[Site "Bhubaneswar"]
[Date "2022.05.29"]
[Round "10.17"]
[White "Shaik Sumer Arsh"]
[Black "Sangma, Rahul"]
[Result "1-0"]
[ECO "E33"]
[WhiteElo "1999"]
[BlackElo "2232"]
[Annotator "TA"]
[PlyCount "63"]
[EventDate "2022.05.15"]
[EventType "swiss"]
[EventCountry "IND"]
[SourceTitle "playchess.com"]
[Source "ChessBase"]
[SourceQuality "1"]
[TimeControl "5400+30"]

1. d4 Nf6 2. c4 e6 3. Nc3 Bb4 4. Qc2 Nc6 5. e3 d6 6. Nf3 O-O {[%emt 0:00:27] E33: Nimzo-Indian: Classical: 4...Nc6.} 7. Bd2 e5 8. dxe5 {[%emt 0:14:52] is the legacy move (8.a3).} Nxe5 {[%emt 0:06:07] White is slightly better.} 9. a3 Bxc3 10. Bxc3 Qe7 11. Nxe5 dxe5 12. Bd3 Re8 {[%emt 0:07:09] [#]} 13. O-O-O $146 ({Predecessor:} 13. O-O e4 14. Be2 Bf5 15. Rad1 Rad8 16. Qa4 a6 17. Qa5 Bc8 18. Bb4 Rxd1 19. Bxe7 Rxf1+ 20. Kxf1 Rxe7 {1-0 (96) Foltys,J-Gawlikowski,S Karlovy Vary 1948}) 13... e4 14. Be2 Bf5 {[%emt 0:03:42] Prevents g4.} (14... Ng4 $11 15. Bf1 Bf5) 15. g4 $16 Bg6 {[%emt 0:06:18] This move loses the game for Black.} (15... Bc8 $16) 16. h4 $18 {[%emt 0:01:17][%cal Bh2h4,Bh4h5,Bh5h6][%mdl 32] And now h5 would win.} h6 17. h5 Bh7 18. g5 hxg5 19. h6 g6 20. Rhg1 Nd7 21. Rd5 f5 $2 (21... Nc5 22. b4 (22. Rdxg5 a5 $16) (22. Rgxg5 Ne6 $18) 22... Nd7) 22. c5 {[%emt 0:00:45] aiming for Bc4.} Red8 {[%emt 0:05:42] [#]} 23. Rxf5 $3 {[%emt 0:03:14][%mdl 512] Qb3+ would kill now.} gxf5 (23... Qe6 24. Rfxg5) 24. Qb3+ Kf8 25. Bg7+ {[%emt 0:00:03][%mdl 64] Deflection} Qxg7 26. hxg7+ Kxg7 27. Qe6 g4 {[%emt 0:00:42] [#]} 28. Bxg4 $1 fxg4 {[%emt 0:01:38] White is clearly winning.} 29. Qe7+ Kh8 30. Rxg4 Rg8 {[%emt 0:00:03] Prevents Qg7+.} 31. Rxg8+ Rxg8 32. Qxd7 {[%emt 0:00:02] Weighted Error Value: White=0.07 (flawless) /Black=0.62} 1-0

[Event "13th KIIT Festival-A 2022"]
[Site "Bhubaneswar"]
[Date "2022.05.29"]
[Round "10.18"]
[White "Dhananjay S"]
[Black "Ankit Ray"]
[Result "1-0"]
[ECO "E18"]
[WhiteElo "2218"]
[BlackElo "1932"]
[Annotator "TA"]
[PlyCount "91"]
[EventDate "2022.05.15"]
[EventType "swiss"]
[EventCountry "IND"]
[SourceTitle "playchess.com"]
[Source "ChessBase"]
[SourceQuality "1"]
[TimeControl "5400+30"]

1. c4 e6 2. d4 Nf6 3. Nf3 b6 4. g3 Bb4+ 5. Bd2 Be7 6. Nc3 Bb7 7. Bg2 c6 8. O-O d5 9. b3 O-O 10. Bc1 c5 11. dxc5 bxc5 12. cxd5 exd5 13. Ne5 {[%emt 0:00:16] E18: Queen's Indian: Old Main Line (4 g3 Bb7 5 Bg2 Be7 6 0-0 0-0 7 Nc3).} Nbd7 {[%emt 0:02:36] [#]} 14. Nc4 $146 ({Predecessor:} 14. f4 Qc7 15. Nxd7 Qxd7 16. e4 d4 17. e5 Bxg2 18. exf6 Bxf1 19. Ne4 Ba6 20. fxe7 Qxe7 21. Ng5 Rfe8 22. f5 h6 23. Nh3 Qe1+ 24. Qxe1 Rxe1+ 25. Kf2 Rae8 {0-1 (23) Van Gool,H (2114)-Duijker,R (2220) Vlissingen 2008}) 14... Nb6 15. Na5 $1 {[%emt 0:04:32] White is slightly better.} Ba6 16. Nc6 Qc7 17. Nxe7+ Qxe7 18. Re1 Rad8 (18... d4 $11 {remains equal.}) 19. e3 $16 Rfe8 20. Ba3 d4 21. exd4 Qxe1+ 22. Qxe1 Rxe1+ 23. Rxe1 cxd4 24. Ne4 Nxe4 25. Bxe4 d3 {[%emt 0:00:29] [#] Threatens to win with ...d2.} 26. Bb4 g6 (26... d2 $2 27. Rd1 $16) 27. Bd2 Nd7 28. Rc1 (28. Bf3 $16) 28... Nf6 29. Bf3 {[%emt 0:00:00] Strongly threatening Rc6. A strong pair of Bishops.} Nd5 {[%emt 0:00:26] [#]} ({Better is} 29... Bc8) 30. Kg2 (30. a4 $142 $1) 30... Kg7 31. Rc5 Bb7 32. Rc4 Rd7 33. Rd4 Nf6 $2 {[%emt 0:05:41] Loses the game.} (33... Bc6 $16 {was worth a try.} 34. h4 (34. Rxd3 Ne3+ 35. Rxe3 Bxf3+ 36. Kxf3 Rxd2 $16) 34... h5 35. Rxd3 Ne3+ 36. Rxe3 Bxf3+ 37. Kxf3 Rxd2) 34. Rxd7 $18 Bxf3+ 35. Kxf3 {[%emt 0:00:00] Black must now prevent Bc3.} Nxd7 {[%emt 0:00:10][%mdl 4096] Endgame KB-KN} 36. Ke4 {[%emt 0:00:00] Against Ne5} Kf6 37. Kxd3 {[%emt 0:00:00] aiming for Kc4.} Ke5 38. Kc4 a6 (38... Kd6 $142 39. Kb5 Kc7) 39. Kb4 Ke4 40. Ka5 Kf3 41. Be3 Kg2 42. h4 Ne5 43. Kxa6 Nd3 44. a3 Nxf2 45. Bxf2 Kxf2 46. b4 {[%emt 0:00:00] Weighted Error Value: White=0.07 (flawless) /Black=0.67} 1-0

[Event "13th KIIT Festival-A 2022"]
[Site "Bhubaneswar"]
[Date "2022.05.29"]
[Round "10.19"]
[White "Kavinda, Akila"]
[Black "Rohit S"]
[Result "1-0"]
[ECO "B92"]
[WhiteElo "1996"]
[BlackElo "2141"]
[Annotator "TA"]
[PlyCount "69"]
[EventDate "2022.05.15"]
[EventType "swiss"]
[EventCountry "IND"]
[SourceTitle "playchess.com"]
[Source "ChessBase"]
[SourceQuality "1"]
[TimeControl "5400+30"]

1. e4 {[%emt 0:00:03] CB} c5 2. Nf3 d6 3. d4 cxd4 4. Nxd4 Nf6 5. Nc3 a6 6. Be2 e5 7. Nb3 Be7 8. Bg5 Be6 9. Bxf6 Bxf6 10. Qd3 O-O {[%emt 0:03:40] 10...Be7 is setting a new trend.} 11. Rd1 {[%emt 0:01:32] B92: Sicilian Najdorf: 6 Be2.} (11. O-O-O {seems wilder.} Qb6 12. Qxd6 Qxf2 13. Rhf1) 11... Be7 12. Nd5 Bxd5 13. Qxd5 {[%emt 0:00:06] The position is equal.} Qc7 14. Nd2 Nd7 {[%emt 0:05:30] [#]} 15. Nc4 $146 ({Predecessor:} 15. O-O b5 16. c3 g6 17. a3 Rab8 18. Rfe1 Rfd8 19. Qa2 Nc5 20. Bf1 Bg5 21. Nb3 {½-½ (52) Carlsen,M (2834)-Giri,A (2784) Doha 2015 CBM 170 [CB]}) 15... Nf6 16. Qd3 Rfd8 17. Ne3 {[%emt 0:00:33] Prevents d5.} Qa5+ 18. c3 Qxa2 19. O-O Qe6 20. h3 g6 21. Bf3 Rac8 22. Nd5 Nxd5 23. Bg4 $1 {[%emt 0:01:51] [#]} Qf6 24. Qxd5 (24. Bxc8 Nf4) 24... Rc6 25. Rd3 {[%emt 0:02:09] aiming for Rf3.} Qg7 26. Qb3 {[%emt 0:13:19][%mdl 1024] White has compensation.} b5 27. Qd5 Rb6 28. f4 Rf8 29. f5 h5 30. Bd1 {[%emt 0:01:20] [#] Hoping for Rdf3.} (30. fxg6 {with more complications.} Qxg6 31. Bd1 h4 32. Rdf3) 30... Kh7 $2 {[%emt 0:03:44][%mdl 8192] A mistake that costs the game.} (30... h4 $14) 31. f6 $18 {[%emt 0:01:27] White is clearly winning.} Qxf6 32. Rxf6 Bxf6 33. Rf3 Kg7 34. Bb3 a5 35. Qd2 {[%emt 0:01:00] Weighted Error Value: White=0.05 (flawless) /Black=0.40} 1-0